 Dungeon Crawl Stone Soup version 0.29.0-7-g18a832c13a (webtiles) character file.

Game seed: 7252609639026786302

3775 voltaire321 the Cleaver (level 10, -14/88 HPs)
             Began as a Hill Orc Fighter on Aug 31, 2022.
             Was a Follower of Ashenzari.
             Demolished by a two-headed ogre
             ... wielding a +0 giant spiked club
              (18 damage)
             ... on level 9 of the Dungeon.
             The game lasted 00:19:49 (8874 turns).

voltaire321 the Cleaver (Hill Orc Fighter)          Turns: 8874, Time: 00:19:50

Health: -14/88     AC: 15    Str: 24    XL:     10   Next: 16%
Magic:  10/10      EV: 10    Int:  8    God:    Ashenzari [*.....]
Gold:   493        SH: 12    Dex: 18    Spells: 9/9 levels left

rFire   + + .      SeeInvis .   a - +0 war axe
rCold   . . .      Faith    .   c - +0 buckler "Gnostic Augurer" {Fort, Comp} (curse)
rNeg    . . .      Spirit   .   C - +0 chain mail
rPois   .          Reflect  +   m - +0 helmet
rElec   .          Harm     .   (no cloak)
rCorr   +          Rampage  .   g - +0 pair of gloves
Will    .....                   K - +0 pair of boots
Stlth   ..........              v - amulet of the Fated Desperation {Reflect rF+ rCorr Dex+2 SH+5, Bglg, Melee} (curse)
HPRegen 0.24/turn               i - ring of protection from fire
MPRegen 0.12/turn               n - +6 ring of dexterity

@: no status effects
A: no striking features
a: Renounce Religion, Curse Item, Shatter the Chains


You were on level 9 of the Dungeon.
You worshipped Ashenzari.
Ashenzari was aware of your devotion.
You visited 1 branch of the dungeon, and saw 9 of its levels.

You collected 493 gold pieces.

Inventory:

Hand Weapons
 a - a +0 war axe (weapon)
Missiles
 A - 23 poisoned darts (quivered)
 E - 3 silver boomerangs
 L - 2 curare-tipped darts
Armour
 c - the cursed +0 buckler "Gnostic Augurer" (worn) {Fort, Comp}

   It has a curse which improves the following skills: Fortitude: Armour and
   Shields.
   Companions: Summonings and Necromancy.
 g - a +0 pair of gloves (worn)
 m - a +0 helmet (worn)
 C - a +0 chain mail (worn)
 K - a +0 pair of boots (worn)
Jewellery
 i - a ring of protection from fire (left hand)
 n - a +6 ring of dexterity (right hand)
 o - a ring of flight
 v - the cursed amulet of the Fated Desperation (around neck) {Reflect rF+ rCorr Dex+2 SH+5, Bglg, Melee}
   (You found it on level 4 of the Dungeon)

   [amulet of reflection]

   It reflects blocked missile attacks.
   Dex:       It affects your dexterity (+2).
   rF:        It protects you from fire.
   rCorr:     It protects you from acid and corrosion.
   SH:        It affects your SH (+5).
   It has a curse which improves the following skills: Beguiling: Conjurations,
   Hexes and Translocations.
   Melee Combat: Short Blades, Long Blades, Axes, Maces & Flails, Polearms,
   Staves and Unarmed Combat.
 F - an amulet of regeneration
Wands
 b - a wand of roots (5)
 u - a wand of charming (19)
 H - a wand of light (6)
 N - a wand of flame (7)
Scrolls
 d - a scroll of fog
 e - 8 scrolls of teleportation
 j - 9 scrolls of identify
 l - 2 scrolls of poison
 p - a scroll of brand weapon
 w - a scroll of summoning
 x - 2 scrolls of enchant weapon
 y - a scroll of amnesia
 G - a scroll of magic mapping
 I - a scroll of silence
 J - 2 scrolls of blinking
 M - a scroll of enchant armour
Potions
 f - 2 potions of mutation
 h - 4 potions of heal wounds
 k - 2 potions of brilliance
 q - 2 potions of berserk rage
 r - a potion of haste
 s - 3 potions of flight
 t - a potion of might
 z - 4 potions of curing
 B - 2 potions of magic
 D - a potion of cancellation


   Skills:
 + Level 8.1 Fighting
 + Level 8.4(9.2) Axes
 + Level 4.1 Throwing
 + Level 7.3(8.2) Armour
 + Level 4.8 Dodging
 + Level 7.4(8.3) Shields


You had 9 spell levels left.
You didn't know any spells.
Your spell library contained the following spells:

 Spells                   Type           Power      Damage    Failure   Level
 Magic Dart               Conj           0%         1d3       97%         1
 Sandblast                Erth           0%         2d4       97%         1
 Ensorcelled Hibernation  Hex/Ice        0%         N/A       99%         2
 Passwall                 Tmut/Erth      0%         N/A       99%         2
 Searing Ray              Conj           0%         2d4       99%         2
 Sublimation of Blood     Necr           0%         N/A       99%         2
 Ignite Poison            Fire/Tmut/Pois 0%         N/A       100%        3
 Mephitic Cloud           Conj/Pois/Air  0%         N/A       100%        3
 Ozocubu's Armour         Ice            0%         N/A       100%        3
 Spider Form              Tmut/Pois      0%         N/A       100%        3
 Stone Arrow              Conj/Erth      0%         3d7       100%        3
 Anguish                  Hex/Necr       0%         N/A       100%        4
 Fulminant Prism          Conj/Hex       0%         3d6       100%        4
 Petrify                  Tmut/Erth      0%         N/A       100%        4
 Freezing Cloud           Conj/Ice/Air   0%         6-21      100%        5
 Irradiate                Conj/Tmut      0%         3d11      100%        5
 Metabolic Englaciation   Hex/Ice        0%         N/A       100%        5
 Simulacrum               Ice/Necr       0%         N/A       100%        6


Dungeon Overview and Level Annotations

Branches:
Dungeon (9/15)             Temple (0/1) D:4
   Lair: D:8-11         Orc: D:9-12

Altars:
Ashenzari
Cheibriados
Gozag
Hepliaklqana
Nemelex Xobeh
Uskayaw
Wu Jian
The Shining One

Shops:
D:7 !

Annotations:
D:4 Edmund


Message History

You slash the two-headed ogre!
The two-headed ogre is lightly wounded.
You barely miss the killer bee. You hit the killer bee.
You feel sick.
The killer bee stings you but does no damage. x3
The killer bee completely misses you. You block the two-headed ogre's attack.
The two-headed ogre hits you with a +0 giant club!
You hit the two-headed ogre.
The two-headed ogre is moderately wounded.
You slash the killer bee!
You kill the killer bee!
You closely miss the killer bee.
You feel sick.
The killer bee stings you but does no damage.
You block the killer bee's attack.
You slash the two-headed ogre!
The two-headed ogre is moderately wounded.
You hit the killer bee.
You kill the killer bee!
You feel sick. The two-headed ogre misses you.
You block the two-headed ogre's attack.
You slash the two-headed ogre!
The two-headed ogre is heavily wounded.
You feel sick. The two-headed ogre closely misses you.
The two-headed ogre hits you with a +0 giant club!!
* * * LOW HITPOINT WARNING * * *
You slash the two-headed ogre!
The two-headed ogre is severely wounded.
You feel sick.
The two-headed ogre hits you with a +0 giant spiked club.
* * * LOW HITPOINT WARNING * * *
The two-headed ogre closely misses you.
You slash the two-headed ogre!
The two-headed ogre is almost dead.
You feel sick.
You hit the two-headed ogre.
The two-headed ogre is almost dead.
You feel sick.
You are no longer poisoned.
The two-headed ogre closely misses you.
The two-headed ogre hits you with a +0 giant club!!
You die...

........................#
........................#
........................#
#.......................#
####.####...###....##...#
.###.####...###....##...#
.#......#.^........##...#
........#.......O†.##...#
.#(.....#.......@†.#....#
.###....#..........#....#
####....#..........#....#
# #.....#..........#....#
##...##....##....#....#
##...###..'####'###...#
#......##'######.##...#
#......#..)#...#......#
#......#..))).8#......#


You could see a two-headed ogre.

Vanquished Creatures
  Grinder (D:5)
  Sigmund (D:2)
  A shadow (D:8)
  An acid dragon (D:8)
  2 water moccasins
  An orc warrior (D:8)
  3 ice beasts
  A sky beast (D:8)
  A black bear (D:5)
  2 ogres
  A centaur (D:6)
  2 kobold brigands
  3 phantoms
  A gnoll sergeant (D:6)
  4 bullfrogs
  A scorpion (D:5)
  A necrophage (D:5)
  8 wights
  3 killer bees (D:9)
  3 hounds
  3 jellies
  An orc priest (D:9)
  Jessica (D:2)
  2 iguanas
  7 orc wizards
  Ijyb (D:4)
  Terence (D:2)
  Natasha (thrice) (D:2)
  7 gnolls
  5 adders
  3 white imps
  2 ufetubi
  2 worms
  A dart slug (D:3)
  22 orcs
  6 bats
  7 endoplasms
  4 giant cockroaches
  A goblin (D:4)
  8 hobgoblins
  4 jackals (D:2)
  5 quokkas
  4 ball pythons
  3 frilled lizards (D:1)
  18 kobolds
  4 rats
166 creatures vanquished.

Vanquished Creatures (others)
  A kobold (D:4)
  11 plants (D:9)
12 creatures vanquished.

Grand Total: 178 creatures vanquished

Notes
Turn   | Place    | Note
-------+----------+-------------------------------------------
     0 | D:1      | voltaire321 the Hill Orc Fighter began the quest for the
                  | Orb.
     0 | D:1      | Reached XP level 1. HP: 19/19 MP: 1/1
    97 | D:1      | Found a faded altar of an unknown god.
   147 | D:1      | Reached XP level 2. HP: 27/27 MP: 2/2
   908 | D:2      | Noticed Terence
   923 | D:2      | Killed Terence
   924 | D:2      | Reached XP level 3. HP: 15/33 MP: 3/3
  1210 | D:2      | Noticed Natasha
  1217 | D:2      | Reached skill level 1 in Dodging
  1219 | D:2      | Killed Natasha
  1220 | D:2      | Reached XP level 4. HP: 27/40 MP: 4/4
  1250 | D:2      | Noticed Natasha
  1261 | D:2      | Killed Natasha
  1611 | D:2      | Noticed Jessica
  1616 | D:2      | Killed Jessica
  1617 | D:2      | Reached XP level 5. HP: 45/47 MP: 5/5
  1905 | D:2      | Noticed Natasha
  1913 | D:2      | Killed Natasha
  2229 | D:2      | Noticed Sigmund
  2242 | D:2      | Killed Sigmund
  2243 | D:2      | Reached XP level 6. HP: 42/55 MP: 6/6
  2674 | D:3      | Reached skill level 5 in Fighting
  3199 | D:3      | Reached XP level 7. HP: 61/61 MP: 7/7
  3240 | D:3      | Found a sparkling altar of Nemelex Xobeh.
  3558 | D:4      | Noticed Ijyb
  3574 | D:4      | Killed Ijyb
  3701 | D:4      | Identified the amulet of the Hammering Gods {Reflect rF+
                  | rCorr Dex+2 SH+5}
  3834 | D:4      | Reached skill level 5 in Axes
  4078 | D:4      | Noticed Edmund
  4177 | D:4      | Found a staircase to the Ecumenical Temple.
  4574 | D:5      | Entered Level 5 of the Dungeon
  4647 | D:5      | Reached skill level 5 in Armour
  4647 | D:5      | Reached skill level 5 in Shields
  4929 | D:5      | Found a snail-covered altar of Cheibriados.
  5103 | D:5      | Reached XP level 8. HP: 59/70 MP: 8/8
  5178 | D:5      | Reached skill level 1 in Throwing
  5184 | D:5      | Found a broken altar of Ashenzari.
  5191 | D:5      | Became a worshipper of Ashenzari the Shackled
  5276 | D:5      | Found a glowing golden altar of the Shining One.
  5336 | D:5      | Noticed Grinder
  5356 | D:5      | Killed Grinder
  5546 | D:5      | Found a hazy altar of Hepliaklqana.
  6115 | D:6      | Reached XP level 9. HP: 71/78 MP: 9/9
  6370 | D:6      | Found a hide-covered altar of Uskayaw.
  6895 | D:7      | Identified the +7 hand axe of Lesaty {venom, rC+ Dex+6}
  7041 | D:7      | Reached * piety under Ashenzari
  7155 | D:7      | Found Icik's Distillery.
  8191 | D:8      | Reached XP level 10. HP: 88/88 MP: 10/10
  8407 | D:9      | Found an opulent altar of Gozag.
  8711 | D:9      | Found an ornate altar of the Wu Jian Council.
  8859 | D:9      | Noticed a two-headed ogre
  8874 | D:9      | HP: 4/88 [poisoned by a killer bee]
  8874 | D:9      | Demolished by a two-headed ogre

Illustrated notes

Levels and vault maps discovered:
D:1:      heliophobic_arrival_ceremonial_halls, layout_loops_ring,
          shapermc_ecumenical_altar_flowoftime, serial_bayou_ford_a,
          corexii_corridor_pit, minmay_box_of_dots
D:2:      layout_basic, uniq_sigmund, uniq_natasha, uniq_jessica, uniq_terence
D:3:      minmay_diamond_boxcup, layout_basic,
          mainiacjoe_overflow_six_doors_small
D:4:      layout_gridville, grunt_temple_overflow_bloody_war,
          minmay_temple_entry_hall, uniq_edmund, uniq_ijyb
D:5:      wander_river, layout_gridville, lemuel_crystal_altar,
          nicolae_hepliaklqana_hazy_memory, tso_altar,
          mainiacjoe_overflow_small_starburst, uniq_grinder
D:6:      layout_loops_cross, lemuel_crystal_altar
D:7:      layout_rooms, columned_hall_lemuel, kennysheep_decorative_pillar,
          nicolae_take_the_stairs, grunt_ministairs_6
D:8:      layout_basic
D:9:      layout_gridville, grunt_gozag_statues,
          nicolae_wu_jian_immortal_techniques, david_lair_shrubbed

Skill      XL: |  1  2  3  4  5  6  7  8  9 10 |
---------------+-------------------------------+-----
Axes           | 3 4 5 6 8 |  8.4
Fighting       | 4 5 6 7 8 |  8.1
Dodging        | 1 2 3 4 |  4.8
Armour         | 4 5 6 7 |  7.3
Shields        | 4 5 6 7 |  7.4
Throwing       | 2 3 4 |  4.1

Action                   |  1- 3 |  4- 6 |  7- 9 | 10-12 || total
-------------------------+-------+-------+-------+-------++-------
Melee: War axe           |    78 |   104 |   363 |    56 ||   601
       Unarmed           |       |       |     5 |       ||     5
Throw: Dart              |       |       |     2 |       ||     2
Invok: Curse Item        |       |       |     2 |       ||     2
  Use: Potion            |       |     1 |       |       ||     1
       Scroll            |       |       |     2 |       ||     2
Armor: Scale mail        |    48 |    43 |    27 |       ||   118
       Chain mail        |       |       |   129 |    34 ||   163
Dodge: Dodged            |    35 |    37 |   146 |    25 ||   243
Block: Buckler           |    22 |    22 |   207 |    50 ||   301
       Reflection        |       |       |     4 |       ||     4
